 Dungeon Crawl Stone Soup version 0.25-a0-317-g5f8687b (webtiles) character file.

Game seed: 3048550626142287408, levelgen mode: deterministic

282 Eglamore the Covered (level 6, 0/56 HPs)
             Began as a Minotaur Fighter on Dec 25, 2019.
             Slain by a wraith (7 damage)
             ... in an ossuary.
             The game lasted 00:06:17 (2468 turns).

Eglamore the Covered (Minotaur Fighter)             Turns: 2468, Time: 00:06:18

Health: 0/56       AC: 11    Str: 23    XL:     6   Next: 6%
Magic:  5/5        EV:  6    Int:  5    God:
Gold:   117        SH: 11    Dex:  9    Spells: 5/5 levels left

rFire    . . .     SeeInvis +   B - +0 morningstar
rCold    + . .     Gourm    .   c - +1 shield
rNeg     . . .     Faith    .   p - +2 chain mail {rC+}
rPois    .         Spirit   .   (helmet restricted)
rElec    .         Reflect  .   (no cloak)
rCorr    .         Harm     .   (no gloves)
MR       .....                  (no boots)
Stlth    ..........             (no amulet)
HPRegen  0.18/turn              m - ring of see invisible
MPRegen  0.09/turn              (no ring)

@: hasted and slowed
A: retaliatory headbutt, horns 2
a: no special abilities


You were in an ossuary.
You were very hungry.

You visited 1 branch of the dungeon, and saw 4 of its levels.
You also visited: Ossuary.

You collected 117 gold pieces.

Inventory:

Hand Weapons
 a - a +0 flail
 B - a +0 morningstar (weapon)
Missiles
 h - 4 poisoned darts (quivered)
Armour
 c - a +1 shield (worn)
 p - a +2 chain mail of cold resistance (worn)
Jewellery
 m - a ring of see invisible (left hand)
Wands
 t - a wand of acid (11)
 z - a wand of iceblast (19)
Scrolls
 e - 3 scrolls of remove curse
 g - 2 scrolls of noise {unknown}
 i - 2 scrolls of amnesia
 l - 3 scrolls of identify
 n - 5 scrolls of teleportation
 o - 2 scrolls of enchant armour
 q - a scroll of enchant weapon {unknown}
 r - a scroll of fog {unknown}
 s - 2 scrolls of fear {unknown}
 u - a scroll of immolation {unknown}
 x - a scroll of silence {unknown}
 y - a scroll of vulnerability {unknown}
Potions
 b - a potion of resistance
 d - 2 potions of might
 j - 3 potions of curing
 k - 5 potions of lignification
 v - a potion of haste
 w - a potion of mutation {unknown}
 A - a potion of heal wounds {unknown}
Comestibles
 f - 8 rations


   Skills:
 + Level 5.1 Fighting
 + Level 4.3 Maces & Flails
 + Level 5.1 Armour
 + Level 5.1 Shields


You had 5 spell levels left.
You didn't know any spells.
Your spell library contained the following spells:

 Spells                   Type           Power        Failure   Level  Hunger
 Confusing Touch          Hex            #.....       100%        1    ##.....
 Confuse                  Hex            #.......     100%        3    ####...
 Gell's Gravitas          Tloc           #.........   100%        3    ####...
 Petrify                  Tmut/Erth      #.......     100%        4    #####..
 Metabolic Englaciation   Hex/Ice        #.........   100%        5    ######.
 Yara's Violent Unravell  Hex/Tmut       #.........   100%        5    ######.


Dungeon Overview and Level Annotations

Branches:
Dungeon (4/15)            Ossuary (1/1)
 Temple: D:4-7

Altars:
Dithmenos
Vehumet
The Shining One


Innate Abilities, Weirdness & Mutations

You reflexively headbutt those who attack you in melee.
You have a pair of horns on your head.


Message History

The wraith hits you but does no damage. The wraith hits you!
* * * LOW HITPOINT WARNING * * *
The wraith drains your vigour!
You feel as though you will be slow longer.
The wraith hits you!
* * * LOW HITPOINT WARNING * * *
The wraith drains your vigour!
You feel as though you will be slow longer.
You feel yourself speed up. The wraith completely misses you.
Your shield and chain mail prevent you from hitting the wraith.
You headbutt the wraith, but do no damage.
The wraith is heavily damaged.
You block the wraith's attack.
You hit the wraith but do no damage. You headbutt the wraith.
The wraith is severely damaged.
You block the wraith's attack. The wraith hits you but does no damage.
You closely miss the wraith. Your headbutt misses the wraith.
The wraith is severely damaged.
The wraith hits you!
You die...

#...............# #
#.###.......###.###
#.#z#.......#z#.'..
#.###.......###.###
#...............# #
#.###..###..###.# #
#.#.#..#z#..# #.#
#.W##..###..# +.#
#.@.......... ..#
#################


You could see a wraith and a flying skull.

Vanquished Creatures
  3 wights (Ossuary)
  Natasha (D:2)
  6 adders
  An ooze (D:1)
  3 worms
  A dart slug (D:1)
  2 leopard geckos
  A ball python (D:2)
  4 giant cockroaches
  9 goblins
  8 hobgoblins
  4 jackals (D:4)
  4 kobolds
  A quokka (D:2)
  A ball python skeleton (Ossuary)
  7 bats
  7 frilled lizards
  A hobgoblin skeleton (Ossuary)
  4 kobold zombies (Ossuary)
  2 orc skeletons (Ossuary)
  A quokka skeleton (D:3)
  3 rats
74 creatures vanquished.

Notes
Turn   | Place    | Note
-------+----------+-------------------------------------------
     0 | D:1      | Eglamore the Minotaur Fighter began the quest for the Orb.
     0 | D:1      | Reached XP level 1. HP: 19/19 MP: 0/0
    74 | D:1      | Reached XP level 2. HP: 21/27 MP: 1/1
   347 | D:1      | Reached XP level 3. HP: 33/33 MP: 2/2
   995 | D:2      | Reached XP level 4. HP: 30/41 MP: 3/3
  1267 | D:2      | Noticed Natasha
  1270 | D:2      | Killed Natasha
  1319 | D:2      | Found a shadowy altar of Dithmenos.
  1517 | D:3      | Found a radiant altar of Vehumet.
  1726 | D:3      | Reached XP level 5. HP: 47/47 MP: 4/4
  1844 | D:3      | Found a glowing golden altar of the Shining One.
  2287 | D:4      | Found a sand-covered staircase.
  2298 | Ossuary  | Entered an ossuary
  2362 | Ossuary  | Reached skill level 5 in Fighting
  2362 | Ossuary  | Reached skill level 5 in Armour
  2362 | Ossuary  | Reached skill level 5 in Shields
  2390 | Ossuary  | Noticed a wraith
  2390 | Ossuary  | Noticed a flying skull
  2399 | Ossuary  | Noticed a flying skull
  2401 | Ossuary  | Noticed a flying skull
  2434 | Ossuary  | Reached XP level 6. HP: 56/56 MP: 5/5
  2448 | Ossuary  | Noticed a flying skull
  2449 | Ossuary  | Noticed a wraith
  2468 | Ossuary  | Slain by a wraith

Levels and vault maps discovered:
D:1:      minmay_arrival_split_and_join, layout_basic, minmay_tetromino_o2
D:2:      layout_loops_ring, grunt_dithmenos_smoke_and_mirrors, uniq_natasha
D:3:      layout_loops_corners, nicolae_overflow_hidden_temple,
          overflow_temple_1_default, first_ration
D:4:      layout_cave_pools, lightli_ossuary_entry_decrepit_ruins
Ossuary:  ossuary_due_cavern

Skill      XL: |  1  2  3  4  5 |
---------------+----------------+-----
Fighting       | 4 5 |  5.1
Shields        | 4 5 |  5.1
Armour         | 4 5 |  5.1
Maces & Flails | 3 4 |  4.3

Action                   |  1- 3 |  4- 6 || total
-------------------------+-------+-------++-------
Melee: Flail             |    97 |   107 ||   204
       Headbutt          |    11 |    23 ||    34
       Morningstar       |       |    18 ||    18
  Use: Scroll            |       |     7 ||     7
       Potion            |       |     1 ||     1
  Eat: Chunk             |       |     4 ||     4
Armor: Scale mail        |    29 |       ||    29
       Chain mail        |     8 |    49 ||    57
Dodge: Dodged            |    32 |    22 ||    54
Block: Shield            |    58 |    70 ||   128

Table legend:
 A = Non-vault XP
 B = Vault XP
 C = Vault XP percentage of total XP
 D = Non-vault monster count
 E = Vault monster count
 F = Vault count percentage of total count
                 A         B        C        D         E       F
            +---------+---------+-------+---------+---------+-------
      Total |     186 |     218 |  54.0 |      60 |      14 |  18.9
            +---------+---------+-------+---------+---------+-------
        D:1 |      42 |       3 |   6.7 |      22 |       2 |   8.3
        D:2 |      99 |      35 |  26.1 |      22 |       1 |   4.3
        D:3 |      37 |       0 |   0.0 |      12 |       0 |   0.0
        D:4 |       8 |       0 |   0.0 |       4 |       0 |   0.0
    Ossuary |       0 |     180 | 100.0 |       0 |      11 | 100.0
            +---------+---------+-------+---------+---------+-------
